 Dungeon Crawl Stone Soup version 0.31-a0-1-g4198be8af4 (webtiles) character file.

Game seed: 7357352147824283841

4352 scionoferis the Basher (level 10, -2/93 HPs)
             Began as a Ghoul Berserker on May 1, 2023.
             Was a High Priest of Trog.
             Slain by an eight-headed hydra (3 damage)
             ... on level 9 of the Dungeon.
             The game lasted 00:20:18 (8368 turns).

scionoferis the Basher (Ghoul Berserker)            Turns: 8368, Time: 00:20:18

Health: -2/93      AC: 12    Str: 21    XL:     10   Next: 34%
Magic:  9/9        EV: 10    Int:  5    God:    Trog [*****.]
Gold:   475        SH:  0    Dex: 10    Spells: 9/9 levels left

rFire   . . .        a - +2 whip (drain)
rCold   + + .        (no shield)
rNeg    + + +        O - +1 scale mail {rC+}
rPois   ∞            f - +0 helmet
rElec   .            J - +2 cloak {rCorr}
rCorr   +            (no gloves)
SInv    .            p - +0 pair of boots
Will    +....        (no amulet) Stlth
                     L - ring of willpower
HPRegen 0.00/turn    (no ring)
MPRegen 0.11/turn

%: no passive effects
@: inhibited regen
A: claws 1, cold resistance 1, negative energy resistance 3, inhibited
regeneration, torment resistance 2, devour on kill
a: Renounce Religion, Trog's Hand, Brothers in Arms


You were on level 9 of the Dungeon.
You worshipped Trog.
Trog was extremely pleased with you.
You visited 1 branch of the dungeon, and saw 9 of its levels.

You collected 475 gold pieces.


Innate Abilities, Weirdness & Mutations

You are immune to poison.
You have sharp fingernails.
Your flesh is cold resistant. (rC+)
You are immune to negative energy. (rN+++)
You do not regenerate when monsters are visible.
You are immune to unholy pain and torment.
You thrive by killing the living.


   Skills:
 + Level 9.9 Fighting
 * Level 11.4 Maces & Flails
 - Level 1.7 Armour
 - Level 1.7 Dodging


You had 9 spell levels left.
You didn't know any spells.
Your spell library was empty.

Inventory:

Hand Weapons
 a - a +2 whip of draining (weapon)
   (You found it on level 4 of the Dungeon)
 b - the +4 mace of the Writhing Oracle {vamp, *Noise rC+ rCorr}
   (You found it on level 6 of the Dungeon)

   rC:        It protects you from cold.
   *Noise:    It may make noises in combat.
   rCorr:     It protects you from acid and corrosion.
 E - a +0 morningstar
   (You found it on level 1 of the Dungeon)
Missiles
 d - 26 poisoned darts (quivered)
 r - 5 curare-tipped darts
 y - 3 silver javelins
 K - a throwing net
Armour
 f - a +0 helmet (worn)
   (You found it on level 1 of the Dungeon)
 p - a +0 pair of boots (worn)
   (You found it on level 7 of the Dungeon)
 z - a +0 kite shield
   (You found it on level 5 of the Dungeon)
 B - a +0 buckler
   (You took it off a gnoll sergeant on level 5 of the Dungeon)
 I - an orb of light
   (You took it off an orc wizard on level 6 of the Dungeon)
 J - a +2 cloak of preservation (worn)
   (You took it off Crazy Yiuf on level 6 of the Dungeon)
 O - a +1 scale mail of cold resistance (worn)
   (You took it off a gnoll sergeant on level 8 of the Dungeon)
Jewellery
 L - a ring of willpower (left claw)
   (You found it on level 7 of the Dungeon)
Wands
 c - a wand of charming (6)
   (You found it on level 6 of the Dungeon)
 k - a wand of roots (17)
   (You found it on level 2 of the Dungeon)
 F - a wand of mindburst (17)
   (You found it on level 6 of the Dungeon)
Scrolls
 e - a scroll of vulnerability
 g - a scroll of fog
 i - a scroll of torment
 j - 2 scrolls of noise
 m - a scroll of immolation
 n - a scroll of acquirement
 o - a scroll of teleportation
 t - a scroll of silence
 u - 3 scrolls of amnesia {unknown}
 v - a scroll of brand weapon
 w - a scroll of poison
 x - a scroll of enchant armour {unknown}
 C - a scroll of fear {unknown}
Potions
 h - 2 potions of degeneration {unknown}
 l - 2 potions of haste {unknown}
 q - a potion of attraction {unknown}
 s - a potion of heal wounds {unknown}
 A - 2 potions of lignification {unknown}
 D - 3 potions of brilliance {unknown}
 G - 3 potions of curing {unknown}
 H - a potion of resistance {unknown}
 M - a potion of ambrosia {unknown}
 P - a potion of magic {unknown}

Dungeon Overview and Level Annotations

Branches:
Dungeon (9/15)             Temple (0/1) D:4
   Lair: D:8-11         Orc: D:9-12

Altars:
Ashenzari
Cheibriados
Dithmenos
Fedhas
Gozag
Kikubaaqudgha
Sif Muna
Vehumet
Xom
Yredelemnul

Shops:
D:6 (

Annotations:
D:3 2 runed translucent doors

.. .# .# .#
.# ###
.##....
#.####.......
#....@.!#
#..#.D....# #
#.........
#....####.
......
.#.##.## ...
.# # #. ##


You could see an eight-headed hydra (very drained).


Message History

Unknown command.
The sky beast flickers out of sight!
Deactivating autopickup; reactivate with Ctrl-A.
You swing at nothing.
You swing at nothing.
You swing at nothing.
You swing at nothing.
You swing at nothing.
You swing at nothing.
You miss something. You miss something. Your claw misses something.
A sky beast appears from thin air!
Reactivating autopickup.
The sky beast hits you. The sky beast shocks you.
You miss the sky beast. You hit the sky beast.
The sky beast is lightly wounded.
The sky beast barely misses you.
You barely miss the sky beast.
The sky beast is lightly wounded.
The sky beast hits you but does no damage.
You whack the sky beast! You drain the sky beast.
The sky beast is heavily wounded.
You barely miss the sky beast.
The sky beast is heavily wounded.
The sky beast completely misses you.
You barely miss the sky beast.
The sky beast is heavily wounded.
You closely miss the sky beast.
The sky beast is heavily wounded.
The sky beast hits you. The sky beast shocks you.
You barely miss the sky beast.
The sky beast is heavily wounded.
The sky beast barely misses you.
You hit the sky beast.
The sky beast is severely wounded.
You closely miss the sky beast.
The sky beast is severely wounded.
The sky beast barely misses you.
You hit the sky beast.
The sky beast is almost dead.
You hit the sky beast but do no damage. You drain the sky beast.
The sky beast is almost dead.
The sky beast hits you but does no damage.
You hit the sky beast.
You kill the sky beast!
Trog accepts your kill.
You start resting.
HP restored.
You enter the shallow water.
Moving in this stuff is going to be slow.
Found 2 poisoned darts.
A shadow imp comes into view.
The shadow imp shouts!
You enter the shallow water.
Moving in this stuff is going to be slow.
You hit the shadow imp but do no damage.
You hit the shadow imp.
The shadow imp is severely wounded.
The shadow imp hits you but does no damage.
You hit the shadow imp.
The shadow imp is almost dead.
You hit the shadow imp but do no damage.
The shadow imp is almost dead.
The shadow imp hits you.
You barely miss the shadow imp.
The shadow imp is almost dead.
The shadow imp closely misses you.
You hit the shadow imp but do no damage.
The shadow imp is almost dead.
You hit the shadow imp.
You kill the shadow imp!
Trog accepts your kill.
You start resting.
HP restored.
You enter the shallow water.
Moving in this stuff is going to be slow.
The electric eel shoots out a bolt of lightning at you!
The bolt of electricity hits you!
The electric eel shoots out a bolt of lightning at you!
The bolt of electricity hits the plant!
The plant begins to die.
The bolt of electricity hits you!
You whack the electric eel!
The electric eel is heavily wounded.
The electric eel shoots out a bolt of lightning at you!
The bolt of electricity hits you. x2; The bolt of electricity hits the plant! x2
The plant begins to die.
You hit the electric eel.
The electric eel is heavily wounded.
You miss the electric eel.
The electric eel is heavily wounded.
You hit the electric eel. You drain the electric eel.
You kill the electric eel!
Trog accepts your kill.
You feel better.
You hear a splash.
You enter the shallow water.
Moving in this stuff is going to be slow.
You see here an electric eel corpse.
A nearby plant withers and dies. x2
An iguana comes into view.
The iguana hisses menacingly.
You completely miss the iguana. You whack the iguana! You drain the iguana.
Your claw misses the iguana.
The iguana is severely wounded.
The iguana closely misses you.
You hit the iguana.
You kill the iguana!
Trog accepts your kill.
You feel better.
You enter the shallow water.
Moving in this stuff is going to be slow.
d - 16 poisoned darts (gained 1)
d - 18 poisoned darts (gained 2)
You enter the shallow water.
Moving in this stuff is going to be slow.
You enter the shallow water.
Moving in this stuff is going to be slow.
An electric eel comes into view.
The electric eel shoots out a bolt of lightning at you!
The bolt of electricity hits you. x2
The electric eel shoots out a bolt of lightning at you!
The bolt of electricity misses you.
A sourceless malevolence fills the Dungeon...
With a horrendous wail, an alarm goes off!
A sentinel's mark forms upon you.
You hear a croak.
The electric eel shoots out a bolt of lightning at you!
The bolt of electricity hits you!
A bullfrog comes into view.
Found a stone staircase leading up.
The electric eel shoots out a bolt of lightning at you!
The bolt of electricity hits you!
The electric eel shoots out a bolt of lightning at you!
The bolt of electricity hits you!
You miss the electric eel.
The bullfrog snags a nearby centipede with its tongue.
You whack the electric eel! You drain the electric eel.
The electric eel is almost dead.
You barely miss the electric eel.
The electric eel is almost dead.
The bullfrog hits you.
The electric eel shoots out a bolt of lightning at you!
The bolt of electricity hits you.
You closely miss the electric eel.
The electric eel is almost dead.
The bullfrog hits you but does no damage.
You hit the electric eel.
You kill the electric eel!
Trog accepts your kill.
You feel better. The bullfrog barely misses you.
You closely miss the bullfrog. The bullfrog closely misses you.
You whack the bullfrog!
The bullfrog is moderately wounded.
The bullfrog hits you but does no damage.
You hit the bullfrog.
The bullfrog is heavily wounded.
The bullfrog hits you.
You closely miss the bullfrog.
The bullfrog is heavily wounded.
You closely miss the bullfrog.
The bullfrog is heavily wounded.
The bullfrog hits you but does no damage.
You whack the bullfrog! You drain the bullfrog.
The bullfrog is almost dead.
The bullfrog barely misses you.
You barely miss the bullfrog. You claw the bullfrog.
You kill the bullfrog!
Trog accepts your kill.
You have reached level 10!
You feel stronger.
You start resting.
The sentinel's mark upon you fades away.
HP restored.
Found 8 stones.
Found a war axe.
Found 5 stones.
Found a rapier.
h - 2 fuming red potions (gained 1)
Found 2 stones.
Found a book of Debilitation.
You see here 2 stones.
You now have 449 gold pieces (gained 17).
Found a shimmering blue altar of Sif Muna.
You enter the shallow water.
Moving in this stuff is going to be slow.
You enter the shallow water.
Moving in this stuff is going to be slow.
You enter the shallow water.
Moving in this stuff is going to be slow.
M - a bubbling ruby potion
Found a spear.
Found a halberd and 5 stones.
You enter the shallow water.
Moving in this stuff is going to be slow.
You enter the shallow water.
Moving in this stuff is going to be slow.
G - 3 fuming dark potions (gained 1) Done exploring.
Done exploring.
Search for what [Enter for "gloves", or ? for help]? d: Unknown command.
Search for what [Enter for "d:", or ? for help]? branded Unknown command.
Done exploring.
You see here a +0 halberd.
You enter the shallow water.
Moving in this stuff is going to be slow.
You enter the shallow water.
Moving in this stuff is going to be slow.
There is a stone staircase leading down here.
You climb downwards.
There is a stone staircase leading up here.
There is a stone staircase leading up here. 2 killer bees come into view.
The killer bee buzzes angrily. x2; You hear an angry buzzing noise.
A killer bee comes into view.
A killer bee comes into view.
The killer bee buzzes angrily.
You hear an angry growl.
The killer bee stings you.
You hear an angry buzzing noise.
You closely miss the killer bee.
The killer bee stings you but does no damage.
You completely miss the killer bee.
The killer bee stings you but does no damage.
A killer bee comes into view.
You closely miss the killer bee.
The killer bee buzzes angrily.
You whack the killer bee!
The killer bee is heavily wounded.
You miss the killer bee.
The killer bee is heavily wounded.
The killer bee stings you.
You closely miss the killer bee. Your claw misses the killer bee.
The killer bee is heavily wounded.
The killer bee barely misses you.
You closely miss the killer bee.
The killer bee is heavily wounded.
The killer bee barely misses you.
You whack the killer bee!
You kill the killer bee!
Trog accepts your kill.
You whack the killer bee!
The killer bee is severely wounded.
The killer bee completely misses you.
You hit the killer bee but do no damage.
The killer bee is severely wounded.
The killer bee barely misses you. The killer bee stings you.
You miss the killer bee.
The killer bee is severely wounded.
The killer bee stings you!
You hit the killer bee. You drain the killer bee.
The killer bee is almost dead.
The killer bee barely misses you.
You whack the killer bee!
You kill the killer bee!
Trog accepts your kill.
You closely miss the killer bee. The killer bee barely misses you.
You miss the killer bee. The killer bee stings you.
You barely miss the killer bee. The killer bee barely misses you.
You hit the killer bee.
The killer bee is moderately wounded.
The killer bee barely misses you. The killer bee completely misses you.
You barely miss the killer bee.
The killer bee is moderately wounded.
The killer bee closely misses you.
You miss the killer bee.
The killer bee is moderately wounded.
The killer bee stings you.
You miss the killer bee.
The killer bee is moderately wounded.
The killer bee stings you.
You miss the killer bee.
The killer bee is moderately wounded.
The killer bee closely misses you.
You miss the killer bee.
The killer bee is moderately wounded.
The killer bee barely misses you.
You hit the killer bee.
The killer bee is severely wounded.
The killer bee barely misses you.
You closely miss the killer bee.
The killer bee is severely wounded.
The killer bee barely misses you.
You closely miss the killer bee.
The killer bee is severely wounded.
The killer bee stings you but does no damage.
You closely miss the killer bee.
The killer bee is severely wounded.
The killer bee stings you but does no damage.
You hit the killer bee.
You kill the killer bee!
Trog accepts your kill.
The killer bee stings you but does no damage.
You whack the killer bee!
The killer bee is heavily wounded.
The killer bee stings you but does no damage.
You closely miss the killer bee.
The killer bee is heavily wounded.
The killer bee stings you but does no damage.
You whack the killer bee!
You kill the killer bee!
Trog accepts your kill.
You whack the killer bee! Your claw misses the killer bee.
The killer bee is heavily wounded.
The killer bee closely misses you.
You miss the killer bee.
The killer bee is heavily wounded.
The killer bee stings you.
You miss the killer bee.
The killer bee is heavily wounded.
The killer bee stings you but does no damage.
You hit the killer bee. You drain the killer bee.
The killer bee is almost dead.
The killer bee stings you but does no damage.
You miss the killer bee.
The killer bee is almost dead.
The killer bee barely misses you.
You hit the killer bee but do no damage.
You drain the killer bee.
You kill the killer bee!
Trog accepts your kill.
No target in view!
HP restored.
Found a stone staircase leading down.
There is a stone staircase leading down here.
Found a stone staircase leading up.
Found a leather armour.
N - a scroll of identify
There is a stone staircase leading up here.
There is a stone staircase leading up here.
Found a stone staircase leading down.
Found a stone staircase leading down.
There is a stone staircase leading down here.
A jelly comes into view.
The jelly quivers.
You hit the jelly. You drain the jelly.
Your claws burn!
The jelly is heavily wounded.
The jelly closely misses you.
You hit the jelly.
Your claws burn!
The jelly is heavily wounded.
The jelly hits you but does no damage.
You hit the jelly. You drain the jelly.
Your claws burn!
The jelly is almost dead.
You hit the jelly.
You kill the jelly!
Trog accepts your kill.
You feel better.
Your Maces & Flails skill increases to level 11!
No target in view!
An orc comes into view. It is wielding a +0 mace of holy wrath.
The orc moves out of view.
An orc wizard comes into view. It is wielding a +0 dagger.
The orc wizard shouts!
You hear a shout!
You closely miss the orc. You whack the orc!
You kill the orc!
Trog accepts your kill.
A gnoll sergeant comes into view.
It is wielding a +0 spear and wearing a +1 scale mail of cold resistance.
The gnoll sergeant shouts!
You hear a shout!
A gnoll comes into view. It is wielding a +0 flail.
You hear a shout!
An orc comes into view. It is wielding a +0 war axe.
The orc wizard mumbles some strange words.
The orc wizard flickers and vanishes!
Deactivating autopickup; reactivate with Ctrl-A.
The orc shouts!
You hear a shout! 2 gnolls come into view.
The gnoll shouts!
Something hits you but does no damage.
Your skin crawls.
You feel strong-willed. Something hits you but does no damage.
The gnoll sergeant hits you from afar with a +0 spear.
You barely miss something. You miss something.
The gnoll sergeant hits you from afar with a +0 spear.
Something hits you.
You hit something. You miss something.
The gnoll sergeant hits you from afar with a +0 spear.
Something hits you but does no damage.
You miss something. You barely miss something.
The gnoll sergeant completely misses you.
Something hits you.
You hit something. The gnoll sergeant barely misses you.
Something hits you but does no damage.
You hit something but do no damage. You claw something. You hit something.
Trog accepts your kill.
Trog appreciates your killing of a magic user.
Reactivating autopickup.
You feel a bit more experienced.
The gnoll sergeant hits you but does no damage.
The gnoll sergeant hits you with a +0 spear.
Things that are here:
a +0 dagger; a +0 robe You hit the gnoll sergeant.
The gnoll sergeant is lightly wounded.
You hit the gnoll sergeant.
The gnoll sergeant is moderately wounded.
The gnoll sergeant barely misses you.
You hit the gnoll sergeant but do no damage.
The gnoll sergeant is lightly wounded.
You hit the gnoll sergeant but do no damage.
The gnoll sergeant is lightly wounded.
The gnoll sergeant hits you with a +0 spear.
You closely miss the gnoll sergeant.
The gnoll sergeant is lightly wounded.
You barely miss the gnoll sergeant.
The gnoll sergeant is lightly wounded.
The gnoll sergeant hits you with a +0 spear.
You hit the gnoll sergeant.
The gnoll sergeant is moderately wounded.
You completely miss the gnoll sergeant.
The gnoll sergeant is moderately wounded.
The gnoll sergeant hits you with a +0 spear.
You hit the gnoll sergeant but do no damage.
You drain the gnoll sergeant.
The gnoll sergeant is heavily wounded.
The gnoll sergeant barely misses you.
You hit the gnoll sergeant but do no damage.
You drain the gnoll sergeant. You claw the gnoll sergeant.
The gnoll sergeant is severely wounded.
You hit the gnoll sergeant but do no damage.
You drain the gnoll sergeant.
The gnoll sergeant is almost dead.
The gnoll sergeant hits you with a +0 spear.
You hit the gnoll sergeant but do no damage.
You drain the gnoll sergeant.
The gnoll sergeant is almost dead.
You whack the gnoll sergeant!
You kill the gnoll sergeant!
Trog accepts your kill.
You hit the gnoll. You drain the gnoll.
The gnoll is severely wounded.
You whack the gnoll!
You kill the gnoll!
Trog accepts your kill.
You whack the orc!
You kill the orc!
Trog accepts your kill.
A gnoll comes into view. It is wielding a +0 spear.
The gnoll shouts!
The gnoll hits you but does no damage.
Items here: ))) [.
You hit the gnoll.
The gnoll is moderately wounded.
The gnoll hits you with a +0 flail! The gnoll hits you but does no damage.
You hit the gnoll but do no damage.
The gnoll is moderately wounded.
You hit the gnoll.
The gnoll is severely wounded.
The gnoll closely misses you.
The gnoll hits you but does no damage. x2
You whack the gnoll!
You kill the gnoll!
Trog accepts your kill.
You hit the gnoll. You claw the gnoll!
The gnoll is severely wounded.
You feel the effects of Trog's Hand fading.
The gnoll hits you but does no damage. x2
You hit the gnoll.
You kill the gnoll!
Trog accepts your kill. The gnoll hits you but does no damage.
Things that are here:
a +0 flail; a gnoll corpse You hit the gnoll.
You drain the gnoll.
The gnoll is moderately wounded.
The gnoll hits you with a +0 spear.
You hit the gnoll.
The gnoll is heavily wounded.
The gnoll hits you with a +0 spear.
You hit the gnoll.
The gnoll is heavily wounded.
You whack the gnoll!
You kill the gnoll!
Trog accepts your kill.
You feel better.
You see here a +0 spear.
Your skin stops crawling.
You feel less strong-willed.
Things that are here:
a +0 flail; a gnoll corpse
Things that are here:
a +0 club; a gnoll corpse
Items here: ))) [.
O - a +1 scale mail of cold resistance
Things that are here:
a +0 dagger; a +0 robe
Found a scroll labelled MUCRAI FOPNE.
You start resting.
HP restored.
You start removing your armour.
You continue taking off your +0 chain mail. x4
You finish taking off your +0 chain mail.
You start putting on your armour.
You continue putting on your +1 scale mail of cold resistance. x5
You finish putting on your +1 scale mail of cold resistance.
You feel resistant to cold.
You drop a +0 chain mail.
u - 3 scrolls labelled MUCRAI FOPNE (gained 1) 2 orcs come into view.
The orc shouts!
An orc comes into view. It is wielding a +0 club.
The orc shouts!
You hear a shout!
You hit the orc. You drain the orc.
You kill the orc!
Trog accepts your kill.
An orc comes into view. It is wielding a +0 dagger.
The orc shouts!
The orc closely misses you.
An orc wizard comes into view. It is wielding a +0 dagger.
You see here a +0 hand axe.
You hit the orc.
The orc is moderately wounded.
The orc barely misses you.
You barely miss the orc. You hit the orc. You drain the orc.
The orc is severely wounded.
The orc hits you with a +0 club.
You hit the orc. You drain the orc.
You kill the orc!
Trog accepts your kill. The orc hits you but does no damage.
Things that are here:
a +0 club; an orc corpse You whack the orc!
You kill the orc!
Trog accepts your kill.
You whack the orc!
You kill the orc!
Trog accepts your kill.
You hit the orc wizard. You drain the orc wizard.
The orc wizard is moderately wounded.
You whack the orc wizard!
You kill the orc wizard!
Trog accepts your kill.
Trog appreciates your killing of a magic user.
No target in view!
Items here: )))) [ ††.
You now have 458 gold pieces (gained 9).
j - 2 scrolls of noise (gained 1)
A killer bee comes into view.
The killer bee buzzes angrily.
The killer bee misses you.
You feel a sense of dread.
b - the +4 mace of the Writhing Oracle (weapon)
{vamp, *Noise rC+ rCorr} The killer bee barely misses you.
You closely miss the killer bee. The killer bee closely misses you.
The killer bee stings you but does no damage.
You barely miss the killer bee. The killer bee barely misses you.
You hit the killer bee.
The killer bee is moderately wounded.
The killer bee stings you but does no damage. x2
You sock the killer bee!
The killer bee is severely wounded.
The killer bee stings you but does no damage.
The killer bee stings you.
You miss the killer bee.
The killer bee is severely wounded.
The killer bee stings you.
You hit the killer bee.
The killer bee is almost dead.
The killer bee stings you.
The killer bee stings you but does no damage.
You barely miss the killer bee.
The killer bee is almost dead.
The killer bee stings you.
You closely miss the killer bee.
The killer bee is almost dead.
The killer bee stings you. The killer bee barely misses you.
You barely miss the killer bee.
The killer bee is almost dead.
The killer bee closely misses you. The killer bee misses you.
You sock the killer bee!
You feel better.
You kill the killer bee!
Trog accepts your kill.
You feel better.
You swing at nothing.
You feel the dreadful sensation subside.
You sense an unholy aura.
a - a +2 whip of draining (weapon)
A black bear comes into view.
The black bear growls angrily.
You hit the black bear.
The black bear is lightly wounded.
You closely miss the black bear.
The black bear is lightly wounded.
The black bear barely misses you. The black bear claws you.
The black bear claws you but does no damage.
You hit the black bear. You drain the black bear.
The black bear is moderately wounded.
You hit the black bear.
The black bear is heavily wounded.
The black bear bites you but does no damage.
The black bear claws you but does no damage. x2
You hit the black bear.
The black bear is severely wounded.
The black bear bites you.
The black bear claws you but does no damage. x2
You barely miss the black bear.
The black bear is severely wounded.
You barely miss the black bear.
The black bear is severely wounded.
The black bear completely misses you.
The black bear claws you but does no damage.
The black bear misses you.
You hit the black bear but do no damage.
The black bear is severely wounded.
You hit the black bear but do no damage.
You drain the black bear.
The black bear is severely wounded.
The black bear bites you but does no damage.
The black bear claws you but does no damage. x2
You hit the black bear. You drain the black bear.
The black bear is almost dead.
You barely miss the black bear.
The black bear is almost dead.
The black bear bites you but does no damage.
The black bear barely misses you.
The black bear claws you but does no damage.
You closely miss the black bear.
The black bear is almost dead.
You hit the black bear but do no damage.
The black bear is almost dead.
The black bear goes berserk!
You hit the black bear.
You kill the black bear!
Trog accepts your kill.
Trog will now gift you melee weapons as you gain piety.
No target in view!
D - 2 bubbling cyan potions (gained 1)
N - 2 scrolls of identify (gained 1)
A kobold brigand and 3 kobolds come into view.
The kobold brigand is wielding a +0 short sword and quivering curare-tipped darts.
A kobold is wielding a +0 club and quivering poisoned darts.
The kobold brigand shouts!
The kobold shouts! x3; You hear a shout! x2
A kobold comes into view. It is wielding a +0 short sword.
The kobold shouts!
You hit the kobold.
You kill the kobold!
Trog accepts your kill.
You whack the kobold!
You kill the kobold!
Trog accepts your kill.
A kobold comes into view. It is wielding a +0 short sword.
The kobold throws a poisoned dart.
The poisoned dart hits you!
A kobold comes into view. It is wielding a +0 dagger.
The kobold shouts! x2
Things that are here:
a +0 whip; a stone; a +0 dagger You whack the kobold!
You kill the kobold!
Trog accepts your kill. The kobold brigand barely misses you.
Things that are here:
a +0 club; 8 poisoned darts You hit the kobold brigand.
You drain the kobold brigand.
The kobold brigand is moderately wounded.
The kobold brigand barely misses you.
You closely miss the kobold brigand.
The kobold brigand is moderately wounded.
You whack the kobold brigand! You drain the kobold brigand.
The kobold brigand is severely wounded.
The kobold brigand closely misses you.
You hit the kobold brigand.
The kobold brigand is severely wounded.
You hit the kobold brigand. You drain the kobold brigand.
The kobold brigand is almost dead.
The kobold brigand barely misses you.
You hit the kobold brigand.
You kill the kobold brigand!
Trog accepts your kill.
The kobold throws a stone.
The stone barely misses you. The kobold barely misses you.
Things that are here:
a +0 short sword; a curare-tipped dart You hit the kobold.
You kill the kobold!
Trog accepts your kill. The kobold hits you but does no damage.
Things that are here:
a +0 short sword; 4 stones; a kobold corpse You whack the kobold!
You kill the kobold!
Trog accepts your kill.
You hit the kobold.
You kill the kobold!
Trog accepts your kill.
No target in view!
Things that are here:
a +0 dagger; a +0 short sword; a kobold corpse
Things that are here:
a +0 short sword; 4 stones; a kobold corpse
r - 5 curare-tipped darts (gained 1)
You see here a +0 short sword.
d - 26 poisoned darts (gained 8)
You see here a +0 club.
You see here a +0 short sword.
Things that are here:
a +0 short sword; 4 stones; a kobold corpse
Things that are here:
a +0 dagger; a +0 short sword; a kobold corpse A wraith comes into view.
E - a +0 morningstar (weapon)
You closely miss the wraith. You hit the wraith.
The wraith is lightly damaged.
The wraith closely misses you.
You bludgeon the wraith!!
The wraith is heavily damaged.
The wraith hits you!
You hit the wraith.
The wraith is heavily damaged.
The wraith hits you but does no damage.
You closely miss the wraith.
The wraith is heavily damaged.
The wraith closely misses you.
You hit the wraith but do no damage.
The wraith is heavily damaged.
The wraith hits you but does no damage.
You hit the wraith but do no damage.
The wraith is heavily damaged.
The wraith completely misses you.
You hit the wraith but do no damage.
The wraith is heavily damaged.
The wraith closely misses you.
You sock the wraith!
The wraith is almost destroyed.
The wraith hits you but does no damage.
You thump the wraith!
You destroy the wraith!
Trog accepts your kill.
No target in view!
No target in view!
You sense an unholy aura.
a - a +2 whip of draining (weapon)
Found a stone staircase leading up.
There is a stone staircase leading up here.
An orc and an orc wizard come into view.
The orc shouts!
The orc wizard shouts!
You hear a shout! x2
An orc warrior comes into view. It is wielding a +0 dire flail.
The orc warrior shouts!
The orc wizard closely misses you.
You hit the orc wizard.
The orc wizard is lightly wounded.
The orc wizard barely misses you.
You hit the orc wizard.
The orc wizard is severely wounded.
You barely miss the orc wizard.
The orc wizard is severely wounded.
The orc wizard hits you with a +0 dagger.
You whack the orc wizard!
You kill the orc wizard!
Trog accepts your kill.
Trog appreciates your killing of a magic user.
You whack the orc warrior! You claw the orc warrior.
The orc warrior is moderately wounded.
The orc warrior hits you with a +0 dire flail.
You hit the orc warrior. You drain the orc warrior.
The orc warrior is severely wounded.
You barely miss the orc warrior.
The orc warrior is severely wounded.
The orc warrior misses you.
You closely miss the orc warrior.
The orc warrior is severely wounded.
You barely miss the orc warrior.
The orc warrior is severely wounded.
The orc warrior hits you with a +0 dire flail.
You hit the orc warrior but do no damage.
The orc warrior is severely wounded.
An orc comes into view. It is wielding a +0 club.
The orc warrior hits you with a +0 dire flail.
You hit the orc warrior but do no damage.
The orc warrior is severely wounded.
You hit the orc warrior but do no damage.
The orc warrior is severely wounded.
The orc warrior hits you with a +0 dire flail!
You closely miss the orc warrior.
The orc warrior is severely wounded.
You hit the orc warrior but do no damage.
You drain the orc warrior.
The orc warrior is severely wounded.
The orc warrior closely misses you.
You hit the orc warrior but do no damage.
The orc warrior is severely wounded.
You hit the orc warrior but do no damage.
You drain the orc warrior.
The orc warrior is almost dead.
The orc warrior hits you with a +0 dire flail.
You barely miss the orc warrior.
The orc warrior is almost dead.
You hit the orc warrior.
The orc warrior is almost dead.
The orc warrior hits you with a +0 dire flail!
You hit the orc warrior but do no damage.
You drain the orc warrior.
You kill the orc warrior!
Trog accepts your kill. The orc barely misses you. x2
Items here: )) [[.
You barely miss the orc. The orc hits you with a +0 flail.
The orc closely misses you.
You whack the orc!
You kill the orc!
Trog accepts your kill.
You hit the orc but do no damage. The orc misses you.
You barely miss the orc. The orc barely misses you.
You hit the orc.
The orc is heavily wounded.
You hit the orc but do no damage. You drain the orc.
The orc is severely wounded.
The orc misses you.
You hit the orc.
You kill the orc!
Trog accepts your kill.
No target in view!
You see here a +0 flail.
Things that are here:
a +0 club; 2 boomerangs; a +0 ring mail
D - 3 bubbling cyan potions (gained 1)
Things that are here:
a +0 club; 2 boomerangs; a +0 ring mail
Items here: )) [[.
A bullfrog comes into view.
The bullfrog croaks.
You hit the bullfrog. You drain the bullfrog.
The bullfrog is heavily wounded.
The bullfrog barely misses you.
You hit the bullfrog.
The bullfrog is heavily wounded.
You whack the bullfrog!
The bullfrog is almost dead.
The bullfrog completely misses you.
You hit the bullfrog.
You kill the bullfrog!
Trog accepts your kill.
You see here a bullfrog corpse.
H - a glowing puce potion
P - a golden potion A gnoll sergeant and 2 gnolls come into view.
Found a scroll of identify.
The gnoll sergeant shouts!
You hear a shout!
You hit the gnoll. You drain the gnoll.
The gnoll is moderately wounded.
The gnoll hits you with a +0 whip.
You hit the gnoll.
The gnoll is heavily wounded.
You barely miss the gnoll.
The gnoll is heavily wounded.
The gnoll hits you with a +0 whip.
You hit the gnoll. You drain the gnoll.
You kill the gnoll!
Trog accepts your kill.
The gnoll sergeant hits you but does no damage.
You see here a +0 whip.
You barely miss the gnoll sergeant. You whack the gnoll sergeant!
The gnoll sergeant is moderately wounded.
The gnoll sergeant barely misses you. The gnoll hits you but does no damage.
You hit the gnoll sergeant but do no damage.
You drain the gnoll sergeant.
The gnoll sergeant is heavily wounded.
You whack the gnoll sergeant! You drain the gnoll sergeant.
You kill the gnoll sergeant!
Trog accepts your kill.
You feel better. The gnoll barely misses you.
A gnoll comes into view. It is wielding a +0 flail.
The gnoll shouts!
The gnoll hits you but does no damage.
Things that are here:
a +0 spear; a +0 ring mail You barely miss the gnoll.
You closely miss the gnoll. The gnoll hits you but does no damage.
You whack the gnoll!
The gnoll is severely wounded.
You barely miss the gnoll.
The gnoll is severely wounded.
The gnoll barely misses you.
You whack the gnoll!
You kill the gnoll!
Trog accepts your kill. The gnoll barely misses you.
You see here a +0 spear.
You closely miss the gnoll. The gnoll hits you but does no damage.
You hit the gnoll.
The gnoll is moderately wounded.
You whack the gnoll!
The gnoll is almost dead.
A gnoll comes into view. It is wielding a +0 club.
The gnoll misses you.
The gnoll shouts!
You hit the gnoll but do no damage.
The gnoll is almost dead.
The gnoll hits you with a +0 flail!
You hit the gnoll but do no damage.
The gnoll is almost dead.
You hit the gnoll.
You kill the gnoll!
Trog accepts your kill.
You feel better.
You see here a +0 flail.
You whack the gnoll! You drain the gnoll.
You kill the gnoll!
Trog accepts your kill.
No target in view!
No target in view!
Things that are here:
a +0 club; a gnoll corpse
N - 3 scrolls of identify (gained 1)
You now have 475 gold pieces (gained 17).
Done exploring.
As you read the scroll of identify, it crumbles to dust.
t - a scroll of silence
As you read the scroll of identify, it crumbles to dust.
v - a scroll of brand weapon
As you read the scroll of identify, it crumbles to dust.
w - a scroll of poison Done exploring.
You see here a +0 chain mail.
There is a stone staircase leading down here.
You climb downwards.
Found a bubbling silvery potion.
There is a stone staircase leading up here.
Unknown command.
You fail to use your ability.
You hit the eight-headed hydra.
The eight-headed hydra is lightly wounded.
You barely miss the eight-headed hydra.
The eight-headed hydra is lightly wounded.
The eight-headed hydra bites you. x2
The eight-headed hydra barely misses you.
The eight-headed hydra misses you. The eight-headed hydra bites you!
The eight-headed hydra bites you. The eight-headed hydra bites you! x2
You hit the eight-headed hydra. You drain the eight-headed hydra.
The eight-headed hydra is lightly wounded.
You hit the eight-headed hydra but do no damage.
You drain the eight-headed hydra.
The eight-headed hydra is lightly wounded.
The eight-headed hydra barely misses you.
The eight-headed hydra bites you.
The eight-headed hydra barely misses you. x2
The eight-headed hydra bites you!
The eight-headed hydra bites you but does no damage.
The eight-headed hydra closely misses you.
The eight-headed hydra bites you but does no damage.
You hit the eight-headed hydra. You drain the eight-headed hydra.
The eight-headed hydra is moderately wounded.
You hit the eight-headed hydra. You drain the eight-headed hydra.
The eight-headed hydra is heavily wounded.
The eight-headed hydra bites you but does no damage.
The eight-headed hydra barely misses you.
The eight-headed hydra bites you but does no damage.
The eight-headed hydra bites you. x2; The eight-headed hydra bites you!
* * * LOW HITPOINT WARNING * * *
The eight-headed hydra barely misses you.
The eight-headed hydra closely misses you.
You hit the eight-headed hydra. You drain the eight-headed hydra.
The eight-headed hydra is heavily wounded.
You hit the eight-headed hydra.
The eight-headed hydra is heavily wounded.
The eight-headed hydra barely misses you.
The eight-headed hydra bites you.
* * * LOW HITPOINT WARNING * * *
The eight-headed hydra bites you but does no damage. x2
The eight-headed hydra bites you!
* * * LOW HITPOINT WARNING * * *
The eight-headed hydra bites you but does no damage. x2
The eight-headed hydra bites you.
* * * LOW HITPOINT WARNING * * *
You hit the eight-headed hydra. You drain the eight-headed hydra.
The eight-headed hydra is severely wounded.
You barely miss the eight-headed hydra.
The eight-headed hydra is severely wounded.
The eight-headed hydra bites you but does no damage. x4
The eight-headed hydra barely misses you.
The eight-headed hydra bites you but does no damage.
The eight-headed hydra bites you.
* * * LOW HITPOINT WARNING * * *
The eight-headed hydra bites you.
* * * LOW HITPOINT WARNING * * *
Okay, then.
Unknown command.
Unknown command.
Aiming: Mindburst
Press: ? - help, Shift-Dir - straight line, f - eight-headed hydra
Aim: an eight-headed hydra (heavily wounded, heavily drained, chance to affect: 53%)
Okay, then.
Unknown command.
You hit the eight-headed hydra.
The eight-headed hydra is severely wounded.
You hit the eight-headed hydra.
The eight-headed hydra is severely wounded.
The eight-headed hydra bites you.
* * * LOW HITPOINT WARNING * * *
The eight-headed hydra bites you.
* * * LOW HITPOINT WARNING * * *
The eight-headed hydra closely misses you. x2
The eight-headed hydra bites you.
You die...

Skill      XL: |  1  2  3  4  5  6  7  8  9 10 |
---------------+-------------------------------+-----
Maces & Flails | 3 4 5 7 9 10 11 | 11.4
Fighting       | 4 5 6 7 9 |  9.9
Armour         | |  1.7
Dodging        | |  1.7

Action                     |  1- 3 |  4- 6 |  7- 9 | 10-12 || total
---------------------------+-------+-------+-------+-------++-------
  Melee: Mace              |   115 |     6 |    66 |    10 ||   197
         Punch             |     3 |       |     4 |     4 ||    11
         Morningstar       |       |   140 |       |    10 ||   150
         Whip              |       |    72 |   339 |   174 ||   585
  Throw: Dart              |       |     5 |     6 |       ||    11
 Invoke: Trog's Hand       |       |     1 |     6 |     1 ||     8
    Use: Scroll            |       |     6 |     1 |     3 ||    10
 Armour: Scale mail        |    53 |    74 |    88 |    40 ||   255
         Chain mail        |       |       |    85 |    22 ||   107
  Dodge: Dodged            |    72 |    98 |   151 |    75 ||   396

Levels and vault maps discovered:
D:1:      zelgadis_glass_arrival_small, layout_rooms, serial_bayou_pond_a
D:2:      layout_loops_cross
D:3:      layout_loops_corners, jmf_multi_god_temple2, eino_tiny_chamber,
          nrook_loot_triangle, kennysheep_generic_room_4
D:4:      layout_gridville, mainiacjoe_overflow_cross_hatched,
          nicolae_dithmenos_through_a_glass_darkly, kennysheep_mini_moat,
          minmay_temple_entry_ruins
D:5:      layout_basic, mainiacjoe_overflow_small_starburst, old_standard_altar,
          minmay_ruined_shrine, uniq_pikel
D:6:      layout_basic, mainiacjoe_overflow_24_doors,
          chequers_temple_overflow_statue_of_worship, serial_shops, shop,
          minmay_hedge_maze, nicolae_figureground_sparkle,
          uniq_crazy_yiuf_cottage
D:7:      layout_loops_cross, nicolae_yredelemnul_corpse_copse,
          mainiacjoe_overflow_alcove_2, serial_bayou, serial_bayou_lake_a,
          serial_bayou_pond_e, serial_bayou_lagoon_a, serial_bayou_pond_c,
          serial_bayou_pond_b
D:8:      layout_loops_ring, minmay_microvault
D:9:      layout_loops_cross

Notes
Turn   | Place    | Note
-------+----------+-------------------------------------------
     0 | D:1      | scionoferis the Ghoul Berserker began the quest for the
                  | Orb.
     0 | D:1      | Reached XP level 1. HP: 19/19 MP: 0/0
   173 | D:1      | Reached skill level 3 in Maces & Flails
   173 | D:1      | Reached XP level 2. HP: 20/26 MP: 1/1
   466 | D:1      | Reached ** piety under Trog
   467 | D:1      | Reached XP level 3. HP: 17/33 MP: 2/2
   840 | D:2      | Reached skill level 4 in Fighting
   840 | D:2      | Reached XP level 4. HP: 33/40 MP: 3/3
  1046 | D:2      | Reached skill level 4 in Maces & Flails
  1810 | D:3      | Reached XP level 5. HP: 47/47 MP: 4/4
  1924 | D:3      | Reached *** piety under Trog
  1926 | D:3      | Found a large runed translucent door.
  1927 | D:3      | Found a large runed translucent door.
  2376 | D:3      | Identified a scroll of acquirement
  2575 | D:4      | Found a staircase to the Ecumenical Temple.
  2804 | D:4      | Found a radiant altar of Vehumet.
  2832 | D:4      | Found a snail-covered altar of Cheibriados.
  2933 | D:4      | Reached skill level 5 in Maces & Flails
  2933 | D:4      | Reached XP level 6. HP: 53/55 MP: 5/5
  3112 | D:4      | Reached skill level 5 in Fighting
  3342 | D:4      | Found a shadowy altar of Dithmenos.
  3521 | D:5      | Entered Level 5 of the Dungeon
  3629 | D:5      | Found a blossoming altar of Fedhas.
  3783 | D:5      | Reached XP level 7. HP: 54/61 MP: 6/6
  3819 | D:5      | Reached skill level 6 in Maces & Flails
  3977 | D:5      | Found a blossoming altar of Fedhas.
  4014 | D:5      | Reached skill level 6 in Fighting
  4018 | D:5      | Noticed Pikel
  4040 | D:5      | Killed Pikel
  4041 | D:5      | Reached skill level 7 in Maces & Flails
  4041 | D:5      | Reached XP level 8. HP: 42/71 MP: 7/7
  4056 | D:5      | Reached skill level 7 in Fighting
  4238 | D:5      | Reached skill level 8 in Maces & Flails
  4261 | D:5      | HP: 6/73 [gnoll sergeant/+0 spear (8)]
  4968 | D:6      | Identified the +4 mace of the Writhing Oracle {vamp, *Noise
                  | rC+ rCorr}
  5005 | D:6      | Reached skill level 9 in Maces & Flails
  5005 | D:6      | Reached XP level 9. HP: 66/81 MP: 8/8
  5156 | D:6      | Found a shimmering altar of Xom.
  5193 | D:6      | Reached skill level 8 in Fighting
  5328 | D:6      | Reached **** piety under Trog
  5647 | D:6      | Found a runed translucent door.
  5649 | D:6      | Noticed Crazy Yiuf
  5855 | D:6      | Found Giggun's Antique Weapon Emporium.
  5864 | D:6      | Found an ancient bone altar of Kikubaaqudgha.
  5871 | D:6      | Found a broken altar of Ashenzari.
  5872 | D:6      | Found an opulent altar of Gozag.
  6051 | D:6      | Killed Crazy Yiuf
  6341 | D:7      | Reached skill level 10 in Maces & Flails
  6388 | D:7      | Reached skill level 9 in Fighting
  6471 | D:7      | Found a basalt altar of Yredelemnul.
  6730 | D:7      | Reached XP level 10. HP: 35/91 MP: 9/9
  6961 | D:7      | Found a shimmering blue altar of Sif Muna.
  7382 | D:8      | Reached skill level 11 in Maces & Flails
  7718 | D:8      | Reached ***** piety under Trog
  8355 | D:9      | Noticed an eight-headed hydra
  8366 | D:9      | HP: 9/93 [eight-headed hydra (3)]
  8368 | D:9      | HP: 4/93 [eight-headed hydra (3)]
  8368 | D:9      | HP: 1/93 [eight-headed hydra (3)]
  8368 | D:9      | Slain by an eight-headed hydra

Vanquished Creatures
  Pikel (D:5)
  An unseen horror zombie (D:7)
  A wraith (D:8)
  A steam dragon (D:6)
  A water moccasin (D:5)
  An orc warrior (D:8)
  An ice beast (D:5)
  2 black bears (D:5 D:8)
  2 sky beasts (D:6 D:7)
  3 ogres (D:4 D:5 D:6)
  A centaur (D:7)
  A phantom (D:6)
  A kobold brigand (D:8)
  2 bullfrogs (D:7 D:8)
  3 scorpions (D:5 D:6)
  3 gnoll sergeants (D:5 D:8)
  6 killer bees (D:8)
  4 howler monkeys (D:4 D:5 D:6)
  3 electric eels (D:7)
  A jelly (D:8)
  A bullfrog zombie (D:7)
  2 orc priests (D:5 D:7)
  2 centaur zombies (D:7)
  2 gnoll boudas (D:6 D:7)
  Crazy Yiuf (D:6)
  7 hounds (D:4 D:5 D:6 D:7)
  5 iguanas (D:4 D:5 D:6 D:7)
  6 orc wizards (D:3 D:6 D:7 D:8)
  2 killer bee zombies (D:7)
  2 howler monkey zombies (D:7)
  19 gnolls (D:5 D:6 D:7 D:8)
  7 adders (D:2 D:3 D:5 D:6)
  A shadow imp (D:7)
  A white imp (D:6)
  A worm (D:2)
  5 dart slugs (D:1 D:2 D:4)
  36 orcs (D:3 D:4 D:5 D:6 D:7)
  5 bats (D:1 D:2 D:3)
  10 endoplasms (D:1 D:2 D:3 D:4)
  4 giant cockroaches (D:1 D:2 D:3)
  7 goblins (D:3 D:4)
  8 hobgoblins (D:1 D:4)
  2 jackals (D:1)
  17 kobolds (D:1 D:2 D:3 D:4 D:8)
  3 quokkas (D:2 D:3 D:5)
  4 ball pythons (D:1 D:2 D:3 D:4)
  2 frilled lizards (D:2 D:3)
  7 rats (D:1 D:2 D:3)
208 creatures vanquished.

Vanquished Creatures (others)
  43 plants (D:7)
43 creatures vanquished.

Grand Total: 251 creatures vanquished

Table legend: (Time is in decaauts)
 A = Elapsed time spent in this place.
 B = Non-inter-level travel time spent in this place.
 C = Inter-level travel time spent in this place.
 D = Time resting spent in this place.
 E = Time spent auto-exploring this place.
 F = Levels seen in this place.
 G = Mean time per level.
                   A        B        C        D        E       F      G
               +--------+--------+--------+--------+--------+-----+--------+
         Total |   8268 |   7985 |    283 |    373 |   5804 |   9 |  918.7 |
       Dungeon |   8268 |   7985 |    283 |    373 |   5804 |   9 |  918.7 |
               +--------+--------+--------+--------+--------+-----+--------+

Top non-repeatable levels by time:
     D:5: 1258 daAuts
     D:4: 1200 daAuts
     D:7: 1104 daAuts
     D:6: 1094 daAuts
     D:8: 1091 daAuts
     D:3: 1002 daAuts
     D:2: 755 daAuts
     D:1: 754 daAuts
     D:9: 7 daAuts

Table legend:
 A = Non-vault XP
 B = Vault XP
 C = Vault XP percentage of total XP
 D = Non-vault monster count
 E = Vault monster count
 F = Vault count percentage of total count
                 A         B        C        D         E       F
            +---------+---------+-------+---------+---------+-------
      Total |    4415 |    1803 |  29.0 |     189 |      19 |   9.1
            +---------+---------+-------+---------+---------+-------
        D:1 |      39 |       0 |   0.0 |      19 |       0 |   0.0
        D:2 |      70 |       0 |   0.0 |      25 |       0 |   0.0
        D:3 |      85 |       0 |   0.0 |      22 |       0 |   0.0
        D:4 |     299 |       0 |   0.0 |      21 |       0 |   0.0
        D:5 |     880 |     902 |  50.6 |      25 |       8 |  24.2
        D:6 |    1039 |      40 |   3.7 |      23 |       1 |   4.2
        D:7 |     718 |     637 |  47.0 |      16 |       9 |  36.0
        D:8 |    1285 |     224 |  14.8 |      38 |       1 |   2.6
            +---------+---------+-------+---------+---------+-------
